 Dungeon Crawl Stone Soup version 0.17-a0-1545-gc1bb672 (webtiles) character file.

116 Alipheese the Poker (level 5, -9/49 HPs)
             Began as a Naga Fighter on July 19, 2015.
             Killed by divine providence
             ... invoked by an orc priest
              (13 damage)
             ... on level 3 of the Dungeon.
             The game lasted 00:03:14 (2313 turns).

Alipheese the Poker (Naga Fighter)                  Turns: 2313, Time: 00:03:14

Health: -9/49      AC:  5    Str: 19    XL:     5   Next: 0%
Magic:  5/5        EV:  0    Int:  9    God:
Gold:   66         SH:  8    Dex: 10    Spells: 0 memorised, 4 levels left

rFire  . . .     SeeInvis +     a - +0 trident
rCold  . . .     Clarity  .     b - +0 scale mail
rNeg   . . .     SustAt   .     c - +0 shield
rPois  +         Gourm    .     (no helmet)
rElec  .         Spirit   .     (no cloak)
rCorr  .         Warding  .     (no gloves)
rMut   .         Stasis   .     (no barding)
MR     .....                    (no amulet)
Stlth  ..........               (no ring)
                                s - ring of wizardry

@: very slow, not resistant to hostile enchantments, extremely unstealthy
A: see invisible, deformed body, poison resistance, slowness 2, slow metabolism
1, spit poison 2, AC +1
a: Spit Poison


You were on level 3 of the Dungeon.
You were not hungry.

You visited 1 branch of the dungeon, and saw 3 of its levels.

You collected 66 gold pieces.

Inventory:

Hand weapons
 a - a +0 trident (weapon)
Missiles
 q - 59 stones (quivered)
Armour
 b - a +0 scale mail (worn)
 c - a +0 shield (worn)
Jewellery
 s - a ring of wizardry (left hand)
Magical devices
 j - a wand of teleportation (5)
 r - a wand of flame (35)
Scrolls
 n - 2 scrolls of remove curse
 u - a scroll of blinking {unknown}
Potions
 d - 3 potions of might
 f - 2 potions of heal wounds {unknown}
 h - 5 potions of lignification {unknown}
 i - a potion of brilliance {unknown}
 l - a potion of curing
 m - a potion of agility {unknown}
 o - 2 potions of ambrosia {unknown}
Comestibles
 g - a bread ration
 k - 2 meat rations
 t - 5 fruits


   Skills:
 - Level 3.0 Fighting
 * Level 4.8 Polearms
 - Level 2.4 Armour
 - Level 2.4 Shields
 + Level 1.0 Evocations


You had 4 spell levels left.
You didn't know any spells.

Dungeon Overview and Level Annotations

Branches:
Dungeon (3/15)

Altars:


Innate Abilities, Weirdness & Mutations

You cannot wear boots.
Your serpentine skin is tough (AC +1).
You have supernaturally acute eyesight.
Armour fits poorly on your strangely shaped body.
Your system is resistant to poisons.
You cover ground very slowly.
You have a slow metabolism.
You can spit poison.


Message History

The orc priest calls down the wrath of Beogh upon you.
Something smites you!
Evoke which item? (* to show all) (? for menu, Esc to quit)
Zapping:
r - a wand of flame (36)
Press: ? - help, Shift-Dir - straight line, f/p - orc wizard
Aim: an orc wizard, wielding a dagger and wearing a robe (almost dead)
The puff of flame misses the orc.
The puff of flame hits the orc wizard.
You kill the orc wizard!
Your Evocations skill increases to level 1!
You have reached level 5!
This wand has 35 charges left.
The orc priest invokes the aid of Beogh against you.
Something smites you!
* * * LOW HITPOINT WARNING * * *
The orc priest looks braver for a moment.
No previous command to re-do.
Unknown command.
The orc priest calls down the wrath of Beogh upon you.
Something smites you!
You die...

#..
#o#
#o#
#.#
#o#
#o#
#.#
#@#
#.#
...
##...
####.
.. >.
..


You could see 2 orc priests and 2 orcs.

Vanquished Creatures
  An orc wizard (D:3)
  Natasha (thrice) (D:2)
  A worm (D:2)
  2 giant geckos
  4 bats
  A giant cockroach (D:2)
  5 goblins
  5 hobgoblins
  3 jackals (D:2)
  11 kobolds
  3 quokkas (D:2)
  3 giant newts
  8 rats
50 creatures vanquished.

Notes
Turn   | Place    | Note
--------------------------------------------------------------
     0 | D:1      | Alipheese the Naga Fighter began the quest for the Orb.
     0 | D:1      | Reached XP level 1. HP: 21/21 MP: 1/1
   269 | D:1      | Reached XP level 2. HP: 25/28 MP: 2/2
   963 | D:1      | Reached XP level 3. HP: 30/34 MP: 3/3
  1032 | D:2      | Noticed Natasha
  1040 | D:2      | Killed Natasha
  1040 | D:2      | Reached skill level 4 in Polearms
  1239 | D:2      | Noticed Natasha
  1251 | D:2      | Killed Natasha
  1251 | D:2      | Reached XP level 4. HP: 3/42 MP: 4/4
  1257 | D:2      | Noticed Natasha
  1259 | D:2      | Killed Natasha
  2312 | D:3      | Reached skill level 1 in Evocations
  2312 | D:3      | Reached XP level 5. HP: 16/49 MP: 5/5
  2313 | D:3      | Killed from afar by an orc priest

Vault maps used:
D:1:      grunt_arrival_crossed_arrows
D:2:      first_bread, kennysheep_cross_bottleneck, uniq_natasha
D:3:      ecumenical_altar_2, uniq_robin, uniq_sigmund, uniq_terence,
          uniq_crazy_yiuf_cottage

Action                   |  1- 3 |  4- 6 || total
-------------------------+-------+-------++-------
Melee: Trident           |   117 |    77 ||   194
 Abil: Spit Poison       |     1 |     2 ||     3
Evoke: Wand              |     1 |    10 ||    11
  Use: Scroll            |     3 |     3 ||     6
  Eat: Chunk             |       |     2 ||     2
       Bread ration      |       |     1 ||     1
